 Dungeon Crawl Stone Soup version 0.31-a0-986-g5e6e4ef867 (webtiles) character file.

Game seed: 10159594415188150655

154 jlumianski the Ruffian (level 5, -1/39 (41) HPs)
             Began as a Gnoll Shapeshifter on Nov 10, 2023.
             Slain by an iguana (10 damage)
             ... on level 4 of the Dungeon.
             The game lasted 00:13:52 (2515 turns).

jlumianski the Ruffian (Gnoll Shapeshifter)         Turns: 2515, Time: 00:13:53

HP:   -1/39 (41)    AC:  6    Str: 15    XL:     5   Next: 36%
MP:   7/7           EV: 13    Int: 10    God:
Gold: 140           SH:  0    Dex: 11    Spells: 7/7 levels left

rFire   . . .        B - +2 rapier (freeze)
rCold   . . .        (no shield)
rNeg    . . .        t - +3 leather armour
rPois   .            (helmet currently unavailable)
rElec   .            (cloak currently unavailable)
rCorr   .            (gloves currently unavailable)
SInv    .            (boots currently unavailable)
Will    .....        (no amulet)
Stlth   +            (no ring)
HPRegen 0.26/turn    (no ring)
MPRegen 0.10/turn

%: no passive effects
@: beast-form, lightly drained
A: beast (slay +3), fangs 1, strong nose, distributed training
a: Begin Untransformation


You were on level 4 of the Dungeon.
You were a hulking beast.
You visited 1 branch of the dungeon, and saw 4 of its levels.

You collected 140 gold pieces.

Inventory:

Hand Weapons
 h - a +0 great mace
 n - a +1 whip of electrocution
 o - a +2 dagger of venom
 B - a +2 rapier of freezing (weapon)
Missiles
 f - 38 stones
 x - 2 javelins
 y - 6 poisoned darts
Armour
 a - a +0 animal skin
 g - a +0 leather armour
 j - a +0 ring mail
 p - a scarf of invisibility
 t - a +3 leather armour (worn)
 A - a +2 hat
 C - the +2 helmet of the Hall of Blades {+Inv Str+3 Dex+4}
   (You took it off Robin on level 3 of the Dungeon)

   Str+3:     It affects your strength (+3).
   Dex+4:     It affects your dexterity (+4).
   +Inv:      It lets you turn invisible.
Magical Staves
 i - a staff of air
Talismans
 c - a beast talisman
 d - a flux talisman
 w - a storm talisman
Scrolls
 k - 2 scrolls of poison
 l - a scroll of amnesia
 q - a scroll of blinking
 r - a scroll of teleportation {unknown}
 v - a scroll of fear {unknown}
 E - a scroll of identify
Potions
 b - 2 potions of lignification
 m - a potion of curing
 s - a potion of degeneration {unknown}
 u - 2 potions of might {unknown}
 z - a potion of mutation {unknown}
 D - a potion of invisibility {unknown}


   Skills:
 + Level 3.0 Fighting
 + Level 1.5 Short Blades
 + Level 1.5 Long Blades
 + Level 1.5 Axes
 + Level 1.5 Maces & Flails
 + Level 1.5 Polearms
 + Level 1.5 Staves
 + Level 1.5 Ranged Weapons
 + Level 1.5 Throwing
 + Level 1.5 Armour
 + Level 4.8 Dodging
 + Level 1.5 Stealth
 + Level 1.5 Shields
 + Level 6.7 Unarmed Combat
 + Level 1.5 Spellcasting
 + Level 1.2 Conjurations
 + Level 1.2 Hexes
 + Level 1.2 Summonings
 + Level 1.2 Necromancy
 + Level 1.2 Translocations
 + Level 1.2 Transmutations
 + Level 1.2 Fire Magic
 + Level 1.2 Ice Magic
 + Level 1.2 Air Magic
 + Level 1.2 Earth Magic
 + Level 1.2 Poison Magic
 + Level 1.7 Invocations
 + Level 1.5 Evocations
 + Level 6.6 Shapeshifting


You had 7 spell levels left.
You didn't know any spells.
Your spell library was empty.

Dungeon Overview and Level Annotations

Branches:
Dungeon (4/15)
 Temple: D:4-7

Altars:

Annotations:
D:4 Grinder


Innate Abilities, Weirdness & Mutations

You are a hulking beast.
Your limbs bulge with bestial killing power. (Slay +3)
You have very sharp teeth.
Your uncanny sense of smell can sniff out nearby items.
Your experience applies equally to all skills.


Message History

You feel much better. The iguana misses you. Grinder gestures at you.
You resist with significant effort.
Okay, then.
You closely miss Grinder.
Grinder is moderately wounded.
The iguana bites you! Grinder misses you.
You hit Grinder.
Grinder is moderately wounded.
The iguana misses you. Grinder gestures at you. Pain shoots through your body!
* * * LOW HITPOINT WARNING * * *
You feel better. The iguana barely misses you.
Grinder blinks!
You hit the iguana. You freeze the iguana.
The iguana is moderately wounded.
The iguana bites you.
You hit the iguana.
The iguana seems to slow down.
You freeze the iguana.
The iguana is severely wounded.
The iguana bites you but does no damage.
You barely miss the iguana.
The iguana is severely wounded.
The iguana bites you. Grinder gestures at you. Pain shoots through your body!
* * * LOW HITPOINT WARNING * * *
You feel better. The iguana bites you!
* * * LOW HITPOINT WARNING * * *
You feel better.
The iguana is no longer moving slowly.
Grinder says, "Don't move a muscle."
Grinder barely misses you.
You barely miss the iguana. Your bite misses the iguana.
The iguana is severely wounded.
The iguana bites you but does no damage.
Grinder hits you.
You writhe in agony.
* * * LOW HITPOINT WARNING * * *
You hit the iguana but do no damage. Your bite misses the iguana.
The iguana is severely wounded.
The iguana misses you. Grinder misses you. The iguana bites you!
You die...

## #.#
###########.#
#.....<....#
#.#######.##
#...l##
#.###h## #5.#
........#.#
###........#
#.#####.## ..
.# #. # #


You could see Grinder and an iguana.

Vanquished Creatures
  An orc priest (D:3)
  Robin (D:3)
  An adder (D:3)
  A worm (D:2)
  4 dart slugs
  5 orcs
  13 ball pythons
  7 endoplasms
  2 giant cockroaches
  7 hobgoblins
  4 jackals (D:2)
  5 kobolds
  4 quokkas
  6 bats
  A frilled lizard (D:1)
  15 goblins
  5 rats
82 creatures vanquished.

Notes
Turn   | Place    | Note
-------+----------+-------------------------------------------
     0 | D:1      | jlumianski the Gnoll Shapeshifter began the quest for the
                  | Orb.
     0 | D:1      | Reached XP level 1. HP: 17/17 MP: 1/1
   241 | D:1      | Reached XP level 2. HP: 23/23 MP: 2/2
   246 | D:1      | You fall into a shaft and drop 1 floor!
   549 | D:1      | Reached XP level 3. HP: 28/28 MP: 3/3
   738 | D:1      | Found a faded altar of an unknown god.
   785 | D:1      | Reached skill level 1 in Invocations
  1178 | D:2      | Reached skill level 1 in Short Blades
  1178 | D:2      | Reached skill level 1 in Long Blades
  1178 | D:2      | Reached skill level 1 in Axes
  1178 | D:2      | Reached skill level 1 in Maces & Flails
  1178 | D:2      | Reached skill level 1 in Polearms
  1178 | D:2      | Reached skill level 1 in Staves
  1178 | D:2      | Reached skill level 1 in Ranged Weapons
  1178 | D:2      | Reached skill level 1 in Throwing
  1178 | D:2      | Reached skill level 1 in Armour
  1178 | D:2      | Reached skill level 1 in Stealth
  1178 | D:2      | Reached skill level 1 in Shields
  1178 | D:2      | Reached skill level 1 in Spellcasting
  1178 | D:2      | Reached skill level 1 in Evocations
  1389 | D:2      | Reached XP level 4. HP: 25/34 MP: 5/5
  1958 | D:2      | Reached skill level 1 in Conjurations
  1958 | D:2      | Reached skill level 1 in Hexes
  1958 | D:2      | Reached skill level 1 in Summonings
  1958 | D:2      | Reached skill level 1 in Necromancy
  1958 | D:2      | Reached skill level 1 in Translocations
  1958 | D:2      | Reached skill level 1 in Transmutations
  1958 | D:2      | Reached skill level 1 in Fire Magic
  1958 | D:2      | Reached skill level 1 in Ice Magic
  1958 | D:2      | Reached skill level 1 in Air Magic
  1958 | D:2      | Reached skill level 1 in Earth Magic
  1958 | D:2      | Reached skill level 1 in Poison Magic
  2052 | D:3      | Reached XP level 5. HP: 37/40 MP: 5/7
  2172 | D:3      | Identified the +2 helmet of the Hall of Blades {+Inv Str+3
                  | Dex+4}
  2172 | D:3      | Noticed Robin
  2223 | D:3      | Killed Robin
  2498 | D:4      | Noticed Grinder
  2504 | D:4      | HP: 1/39 [Grinder (5)]
  2515 | D:4      | Slain by an iguana

Illustrated notes

Levels and vault maps discovered:
D:1:      dpeg_arrival_three_same_balls, layout_basic,
          nicolae_ecumenical_snake_handling, minmay_stone_trees_small
D:2:      layout_loops_cross
D:3:      layout_rooms, serial_park_tiny_pond, uniq_robin
D:4:      cheibrodos_greedy_goblins, layout_loops_corners, kennysheep_mini,
          minmay_temple_entry_glass, uniq_grinder

Skill      XL: |  1  2  3  4  5 |
---------------+----------------+-----
Invocations    | 1 |  1.7
Short Blades   | 1 |  1.5
Long Blades    | 1 |  1.5
Axes           | 1 |  1.5
Maces & Flails | 1 |  1.5
Polearms       | 1 |  1.5
Staves         | 1 |  1.5
Ranged Weapons | 1 |  1.5
Throwing       | 1 |  1.5
Armour         | 1 |  1.5
Stealth        | 1 |  1.5
Shields        | 1 |  1.5
Spellcasting   | 1 |  1.5
Evocations     | 1 |  1.5
Conjurations   | 1 |  1.2
Hexes          | 1 |  1.2
Summonings     | 1 |  1.2
Necromancy     | 1 |  1.2
Translocations | 1 |  1.2
Transmutations | 1 |  1.2
Fire Magic     | 1 |  1.2
Ice Magic      | 1 |  1.2
Air Magic      | 1 |  1.2
Earth Magic    | 1 |  1.2
Poison Magic   | 1 |  1.2
Fighting       | 3 |  3.0
Dodging        | |  4.8
Unarmed Combat | |  6.7
Shapeshifting  | |  6.6

Action                     |  1- 3 |  4- 6 || total
---------------------------+-------+-------++-------
  Melee: Unarmed           |    29 |       ||    29
         Bite              |     8 |     9 ||    17
         Dagger            |    53 |    71 ||   124
         Punch             |     4 |     2 ||     6
         Rapier            |       |    19 ||    19
  Throw: Javelin           |       |     2 ||     2
    Use: Potion            |     1 |     4 ||     5
         Scroll            |     1 |     3 ||     4
 Armour: Leather armour    |    37 |    43 ||    80
         Ring mail         |    16 |       ||    16
  Dodge: Dodged            |    58 |    58 ||   116

Table legend: (Time is in decaauts)
 A = Elapsed time spent in this place.
 B = Non-inter-level travel time spent in this place.
 C = Inter-level travel time spent in this place.
 D = Time resting spent in this place.
 E = Time spent auto-exploring this place.
 F = Levels seen in this place.
 G = Mean time per level.
                   A        B        C        D        E       F      G
               +--------+--------+--------+--------+--------+-----+--------+
         Total |   2514 |   2460 |     54 |    136 |   1132 |   4 |  628.5 |
       Dungeon |   2514 |   2460 |     54 |    136 |   1132 |   4 |  628.5 |
               +--------+--------+--------+--------+--------+-----+--------+

Top non-repeatable levels by time:
     D:2: 872 daAuts
     D:1: 834 daAuts
     D:3: 775 daAuts
     D:4: 31 daAuts
